 Dungeon Crawl Stone Soup version 0.20.1-1-g8b1a95d (console) character file.

210 bli the Chiller (level 5, -1/37 HPs)
             Began as a Barachi Ice Elementalist on July 23, 2017.
             Slain by Ijyb
             ... wielding a +2 dagger of electrocution
              (18 damage)
             ... on level 3 of the Dungeon.
             The game lasted 00:13:22 (2898 turns).

bli the Chiller (Barachi Ice Elementalist)          Turns: 2898, Time: 00:13:23

Health: -1/37      AC:  4    Str: 11    XL:     5   Next: 88%
Magic:  10/10      EV: 12    Int: 15    God:
Gold:   99         SH:  0    Dex: 12    Spells: 5/10 levels left

rFire    . . .     SeeInvis .   a - +1 short sword (elec)
rCold    . . .     Gourm    .   e - +0 buckler
rNeg     . . .     Faith    .   k - +0 robe
rPois    .         Spirit   .   (no helmet)
rElec    .         Reflect  .   y - +0 cloak
rCorr    .         Harm     .   u - +0 pair of gloves
MR       .....                  (no boots)
Stlth    +.........             (no amulet)
Regen    0.2/turn               (no ring)
MPRegen  0.2/turn               (no ring)

@: confused, slow
A: +LOS, swims, slowness 1, strong legs 1
a: Hop


You were on level 3 of the Dungeon.
You were not hungry.

You visited 1 branch of the dungeon, and saw 3 of its levels.

You collected 99 gold pieces.

Inventory:

Hand Weapons
 a - a +1 short sword of electrocution (weapon)
 b - a +0 long sword
 x - a +3 quarterstaff of chaos
Missiles
 g - 66 stones (quivered)
Armour
 e - a +0 buckler (worn)
 k - a +0 robe (worn)
 u - a +0 pair of gloves (worn)
 y - a +0 cloak (worn)
Scrolls
 d - 2 scrolls of enchant armour {unknown}
 j - 2 scrolls of teleportation {unknown}
 m - a scroll of remove curse {unknown}
 q - 4 scrolls of blinking {unknown}
 r - 3 scrolls of identify {unknown}
 t - a scroll of recharging {unknown}
 v - a scroll of fog {unknown}
Potions
 f - 5 potions of curing {unknown}
 l - 2 potions of invisibility {unknown}
 n - a potion of flight {unknown}
 p - a potion of might {unknown}
 w - a potion of degeneration {unknown}
 z - a potion of brilliance {unknown}
Books
 o - a book of Frost

   Spells                             Type                      Level
   a - Freeze                         Ice                          1
   b - Throw Frost                    Conjuration/Ice              2
   c - Ozocubu's Armour               Charms/Ice                   3
   d - Throw Icicle                   Conjuration/Ice              4
   e - Summon Ice Beast               Ice/Summoning                4
Comestibles
 c - 2 bread rations
 h - 2 chunks of flesh
 i - a royal jelly
 s - 2 fruits


   Skills:
 * Level 1.4 Fighting
 + Level 2.1(2.4) Short Blades
 * Level 1.4(2.2) Long Blades
 + Level 2.8 Dodging
 + Level 2.7 Stealth
 + Level 1.0 Shields
 + Level 3.3 Spellcasting
   Level 1.1 Conjurations
 + Level 4.3 Ice Magic


You had 5 spell levels left.
You knew the following spells:

 Your Spells              Type           Power        Failure   Level  Hunger
a - Freeze                Ice            ###.         4%          1    None
B - Summon Ice Beast      Ice/Summ       #.......     75%         4    ####...


Dungeon Overview and Level Annotations

Branches:
Dungeon (3/15)

Altars:
Ashenzari

Annotations:
D:3 Ijyb


Innate Abilities, Weirdness & Mutations

Shadows flee at your approach. (+LOS)
You can swim through water.
You cover ground slowly.
You can hop short distances.


Message History

It is a wand of confusion (?/48).
Ijyb hits you with a dagger of electrocution.
You are electrocuted!
You hit Ijyb but do no damage. The bat closely misses you.
Ijyb zaps a wand.
You are more confused.
The bat hits you but does no damage. The bat closely misses you.
You're too confused to cast spells.
You're too confused!
You're too confused to move!
The bat hits you but does no damage. Ijyb hits you but does no damage.
You barely miss Ijyb. The bat hits you but does no damage.
Ijyb zaps a wand.
You resist with some effort.
You're too confused to move!
Ijyb misses you. The bat barely misses you.
Some of the chunks of flesh in your inventory have rotted away.
The bat hits you.
Ijyb hits you with a dagger of electrocution.
You closely miss Ijyb. The bat closely misses you. Ijyb barely misses you.
You closely miss Ijyb. The bat completely misses you. Ijyb closely misses you.
You bump into the rock wall.
The bat hits you.
Ijyb hits you with a dagger of electrocution.
You are electrocuted!
You die...

### #....#...# ..
#.....#..#...
#..#...###.. .
#...#..#..#.).
#....###...#.#
#...#...#...#
.######..#.....#..#
................#
.......#.#.....#..#
.........b#...#...#
######...@.###...#.#
#...g#..#..#..
#....#...###....
#[.......#..#....
..........#$..# ..
###.#........#.#
#.#...... #...# #
#.#..... ....
#.###.## ##. .. ..#
. .. ...


You could see Ijyb and a bat.

Vanquished Creatures
  Crazy Yiuf (D:2)
  Jessica (D:2)
  Natasha (twice) (D:2)
  2 adders (D:3)
  2 dart slugs
  A leopard gecko (D:3)
  3 orcs (D:3)
  4 giant cockroaches
  7 goblins
  8 hobgoblins
  A quokka (D:2)
  3 ball pythons (D:1)
  9 bats
  5 frilled lizards
  8 kobolds
  8 rats
  A fungus (D:2)
66 creatures vanquished.

Vanquished Creatures (others)
  Natasha (D:2)
1 creature vanquished.

Grand Total: 67 creatures vanquished

Notes
Turn   | Place    | Note
-------+----------+-------------------------------------------
     0 | D:1      | bli the Barachi Ice Elementalist began the quest for the Orb.
     0 | D:1      | Reached XP level 1. HP: 13/13 MP: 3/3
   337 | D:1      | Reached skill level 4 in Ice Magic
   337 | D:1      | Reached XP level 2. HP: 3/19 MP: 0/5
  1075 | D:1      | Reached XP level 3. HP: 24/24 MP: 7/7
  1756 | D:2      | Noticed Natasha
  1760 | D:2      | Killed Natasha
  1760 | D:2      | Reached XP level 4. HP: 17/30 MP: 5/8
  1934 | D:2      | Learned a level 4 spell: Summon Ice Beast
  1981 | D:2      | Noticed Jessica
  1992 | D:2      | Killed Jessica
  1992 | D:2      | Reached skill level 1 in Short Blades
  2031 | D:2      | Noticed Natasha
  2050 | D:2      | Killed Natasha
  2050 | D:2      | Reached skill level 1 in Fighting
  2050 | D:2      | Reached skill level 1 in Long Blades
  2050 | D:2      | Reached XP level 5. HP: 24/37 MP: 6/9
  2269 | D:3      | Found a shattered altar of Ashenzari.
  2386 | D:3      | Reached skill level 1 in Shields
  2533 | D:2      | Noticed Natasha
  2542 | D:2      | Killed Natasha
  2677 | D:2      | Found a runed door.
  2681 | D:2      | Noticed Crazy Yiuf
  2688 | D:2      | Killed Crazy Yiuf
  2884 | D:3      | Noticed Ijyb
  2898 | D:3      | Slain by Ijyb

Skill      XL: |  1  2  3  4  5 |
---------------+----------------+-----
Ice Magic      | 4 |  4.3
Stealth        | 2 |  2.7
Spellcasting   | 3 |  3.3
Short Blades   | 1 2 |  2.1
Fighting       | 1 |  1.4
Long Blades    | 1 |  1.4
Shields        | 1 |  1.0
Dodging        | |  2.8
Conjurations   | |  1.1

Action                   |  1- 3 |  4- 6 || total
-------------------------+-------+-------++-------
Melee: Hand axe          |    19 |       ||    19
       Short sword       |    61 |    74 ||   135
 Cast: Freeze            |    24 |    17 ||    41
 Stab: Sleeping          |     6 |     2 ||     8
       Distracted        |     1 |       ||     1
  Eat: Chunk             |     4 |     4 ||     8
Armor: Robe              |    18 |    21 ||    39
Dodge: Dodged            |    33 |    69 ||   102
Block: Buckler           |    11 |    12 ||    23
